 Dungeon Crawl Stone Soup version 0.28.0 (webtiles) character file.

Game seed: 8004730337803836193

2887 croobank the Priest (level 9, 0/78 HPs)
             Began as a Hill Orc Monk on Feb 16, 2022.
             Was a Believer of Beogh.
             Shot with a sling bullet by Joseph (13 damage)
             ... on level 8 of the Dungeon.
             The game lasted 00:28:13 (7783 turns).

croobank the Priest (Hill Orc Monk)                 Turns: 7783, Time: 00:28:23

Health: 0/78       AC:  8    Str: 13    XL:     9   Next: 77%
Magic:  15/15      EV: 13    Int: 10    God:    Beogh [**....]
Gold:   597        SH:  0    Dex: 13    Spells: 7/8 levels left

rFire   . . .      SeeInvis .   N - +0 falchion (elec)
rCold   . . .      Faith    .   (no shield)
rNeg    . . .      Spirit   .   D - +0 leather armour {rPois}
rPois   +          Reflect  .   z - +0 helmet
rElec   .          Harm     +   j - scarf {harm}
rCorr   +          Rampage  .   e - +0 pair of gloves
Will    .....                   B - +1 pair of boots
Stlth   ++........              c - amulet of the Will of the Gods {RegenMP Harm Regen+ rCorr Str-5}
HPRegen 1.03/turn               (no ring)
MPRegen 0.54/turn               (no ring)

@: on berserk cooldown, slowed, studying Long Blades, very slow
A: no striking features
a: Renounce Religion, Smiting


You were on level 8 of the Dungeon.
You worshipped Beogh.
Beogh was pleased with you.
You visited 1 branch of the dungeon, and saw 8 of its levels.

You collected 597 gold pieces.

Inventory:

Hand Weapons
 a - a +2 whip of electrocution
 b - a +0 hunting sling
 g - a +0 war axe
 m - a +3 dagger of draining
 o - a +3 quarterstaff
 y - a +0 longbow
 C - a +1 spear of freezing
 N - a +0 falchion of electrocution (weapon)
Missiles
 f - 13 poisoned darts (quivered)
 h - 244 stones
 q - 16 bolts
 w - 2 boomerangs
 I - 23 arrows
Armour
 e - a +0 pair of gloves (worn)
 j - a scarf of harm (worn)
 l - a +0 scale mail
 v - a +0 chain mail
 z - a +0 helmet (worn)
 B - a +1 pair of boots (worn)
 D - a +0 leather armour of poison resistance (worn)
 M - a +0 ring mail
 O - a +0 kite shield
 P - a +0 robe
Magical Staves
 E - a staff of death
Jewellery
 c - the amulet of the Will of the Gods (around neck) {RegenMP Harm Regen+ rCorr Str-5}
   (You acquired it on level 2 of the Dungeon)

   [amulet of magic regeneration]

   It increases your rate of magic regeneration.
   Str:       It affects your strength (-5).
   Regen:     It increases your rate of health regeneration.
   rCorr:     It protects you from acid and corrosion.
   Harm:      It increases damage dealt and taken.
 G - a ring of poison resistance
Wands
 J - a wand of polymorph (14)
 K - a wand of acid (6)
Scrolls
 i - a scroll of blinking
 p - a scroll of holy word {unknown}
 x - a scroll of noise {unknown}
 A - a scroll of vulnerability {unknown}
 F - a scroll of enchant weapon {unknown}
 L - a scroll of teleportation
Potions
 d - 2 potions of attraction
 k - a potion of lignification
 n - a potion of brilliance
 r - a potion of resistance
 s - a potion of flight
 u - a potion of curing


   Skills:
 - Level 6.9 Fighting
 + Level 6.0 Long Blades
 - Level 5.0(6.1) Axes
 - Level 4.4(5.2) Maces & Flails
 - Level 4.7 Armour
 - Level 4.8 Dodging
 - Level 4.6 Stealth
 - Level 8.1 Invocations


You had 7 spell levels left.
You knew the following spells:

 Your Spells              Type           Power      Damage    Failure   Level
a - Sandblast             Erth           0%         2d4       43%         1

Your spell library contained the following spells:

 Spells                   Type           Power      Damage    Failure   Level
 Passwall                 Tmut/Erth      0%         N/A       56%         2
 Stone Arrow              Conj/Erth      0%         3d7       80%         3
 Summon Ice Beast         Ice/Summ       0%         N/A       99%         4
 Summon Mana Viper        Hex/Summ       0%         N/A       100%        5
 Monstrous Menagerie      Summ           0%         N/A       100%        7


Dungeon Overview and Level Annotations

Branches:
Dungeon (8/15)             Temple (0/1) D:4
   Lair: D:8-11

Altars:
Cheibriados
Hepliaklqana
Qazlal

Annotations:
D:2 1 runed translucent door, Crazy Yiuf
D:3 Grinder
D:8 Joseph


Message History

You hit Joseph but do no damage.
Joseph is lightly wounded.
The centaur shoots an arrow.
The arrow closely misses you.
The arrow closely misses the orc priest.
Joseph hits you but does no damage.
The centaur shoots an arrow.
The arrow barely misses you.
The arrow barely misses the orc priest.
You closely miss Joseph.
Joseph is lightly wounded.
The centaur shoots an arrow.
The arrow barely misses you.
The arrow hits the orc priest.
Joseph hits you with a +0 quarterstaff! Joseph hits you with a +0 quarterstaff.
The centaur shoots an arrow.
The arrow hits you.
You barely miss Joseph.
Joseph is lightly wounded.
Joseph hits you with a +0 quarterstaff.
The centaur unwields a +0 shortbow.
The centaur hits you but does no damage.
The centaur barely misses you.
You closely miss Joseph.
Joseph is lightly wounded.
The centaur hits you.
The centaur kicks you but does no damage.
Joseph hits you with a +0 quarterstaff!
* * * LOW HITPOINT WARNING * * *
The centaur hits you but does no damage.
The centaur kicks you but does no damage.
Joseph hits you with a +0 quarterstaff!
* * * LOW HITPOINT WARNING * * *
Blink to where?
Press: ? - help, Dir - move target
Found a stone staircase leading up and a stone staircase leading down.
As you read the scroll of blinking, it crumbles to dust.
The centaur wields a +0 shortbow.
The centaur shoots an arrow.
The arrow barely misses you.
Joseph unwields a +0 quarterstaff.
Joseph wields a +0 hunting sling.
Joseph shoots a sling bullet.
The sling bullet hits you but does no damage.
The centaur shoots an arrow.
The arrow hits you.
* * * LOW HITPOINT WARNING * * *
Joseph shoots a sling bullet.
The sling bullet hits you!
You die...

###.#### # #.##.##.#
#......# ... #))...o##
#.#.##.#
.....##.##.###
#.#.##.# ...........#
# #.##.# .....###.#.#
# #.##.# ..........<#
#.#.##o# #####.##..##
##......########.##.##
#....$..c......@.#.#.
#.##.##ยง@##.##.#.## .
#. #.##..# #>#.# .. #
#....... ..#.. ..
####..##.#..#.## ##.
...# #..... ##..
.....# ## ######


You could see Joseph and a centaur.

Vanquished Creatures
  Pikel (D:6)
  3 water moccasins
  An orc warrior (D:7)
  A sky beast (D:7)
  A black bear (D:6)
  3 ogres
  A phantom (D:6)
  A kobold brigand (D:6)
  Blork the orc (D:4)
  3 bullfrogs
  2 scorpions
  A water moccasin zombie (D:5)
  3 bullfrog zombies
  An iron imp (D:8)
  5 centaur zombies
  3 hounds
  2 jellies (D:6)
  Jessica (D:3)
  Natasha (thrice) (D:2)
  5 iguanas
  A killer bee zombie (D:6)
  A hound zombie (D:5)
  A hound skeleton (D:4)
  16 gnolls
  4 adders
  A howler monkey skeleton (D:4)
  An adder skeleton (D:4)
  An adder zombie (D:5)
  4 dart slugs
  19 orcs
  7 endoplasms
  7 giant cockroaches
  5 goblins
  5 hobgoblins
  2 quokkas
  5 ball pythons
  5 bats
  2 frilled lizards (D:1)
  8 kobolds
  2 rats (D:1)
139 creatures vanquished.

Vanquished Creatures (others)
  An orc (D:8)
  3 fungi (D:1)
  3 plants (D:1)
7 creatures vanquished.

Grand Total: 146 creatures vanquished

Notes
Turn   | Place    | Note
-------+----------+-------------------------------------------
     0 | D:1      | croobank the Hill Orc Monk began the quest for the Orb.
     0 | D:1      | Reached XP level 1. HP: 19/19 MP: 1/1
   284 | D:1      | Reached XP level 2. HP: 21/27 MP: 2/2
  1192 | D:2      | Noticed Natasha
  1212 | D:2      | Killed Natasha
  1213 | D:2      | Reached XP level 3. HP: 10/33 MP: 3/3
  1693 | D:1      | Found a faded altar of an unknown god.
  1776 | D:1      | Reached XP level 4. HP: 40/40 MP: 4/4
  2498 | D:2      | Identified a scroll of acquirement
  2498 | D:2      | Acquired the amulet of the Will of the Gods {RegenMP Harm
                  | Regen+ rCorr Str-5}
  2527 | D:2      | Noticed Natasha
  2532 | D:2      | Killed Natasha
  2683 | D:2      | Noticed Natasha
  2695 | D:2      | Killed Natasha
  2696 | D:2      | Reached skill level 5 in Axes
  2703 | D:2      | Found a runed translucent door.
  2704 | D:2      | Noticed Crazy Yiuf
  3017 | D:3      | Reached XP level 5. HP: 45/47 MP: 5/5
  3025 | D:3      | Reached skill level 1 in Armour
  3173 | D:3      | Noticed Jessica
  3177 | D:3      | Killed Jessica
  3423 | D:3      | Noticed Grinder
  3720 | D:4      | Noticed Blork the orc
  3741 | D:4      | Killed Blork the orc
  3742 | D:4      | Reached skill level 1 in Maces & Flails
  3742 | D:4      | Reached XP level 6. HP: 13/55 MP: 6/6
  3851 | D:4      | Reached skill level 5 in Fighting
  4035 | D:4      | Found a staircase to the Ecumenical Temple.
  4227 | D:4      | Found a stormy altar of Qazlal.
  4229 | D:4      | Reached XP level 7. HP: 61/61 MP: 7/7
  4508 | D:4      | Found a hazy altar of Hepliaklqana.
  4509 | D:4      | Found a faded altar of an unknown god.
  4561 | D:5      | Entered Level 5 of the Dungeon
  4724 | D:5      | HP: 2/61 [gnoll (9)]
  5173 | D:5      | Reached XP level 8. HP: 69/70 MP: 8/8
  6018 | D:6      | Reached skill level 1 in Invocations
  6076 | D:6      | Noticed Pikel
  6095 | D:6      | HP: 2/71 [Pikel (3)]
  6123 | D:6      | Killed Pikel
  6124 | D:6      | Reached skill level 6 in Invocations
  6124 | D:6      | Reached XP level 9. HP: 20/78 MP: 9/13
  6273 | D:6      | Reached skill level 7 in Invocations
  6909 | D:7      | Learned a level 1 spell: Sandblast
  7033 | D:7      | Reached skill level 8 in Invocations
  7156 | D:7      | Reached skill level 5 in Long Blades
  7244 | D:7      | Noticed a cyclops
  7643 | D:8      | Became a worshipper of Beogh the Brigand
  7643 | D:8      | Reached * piety under Beogh
  7643 | D:8      | Reached ** piety under Beogh
  7672 | D:8      | Found a snail-covered altar of Cheibriados.
  7738 | D:8      | Noticed Joseph
  7783 | D:8      | Shot with a sling bullet by Joseph

Illustrated notes

Levels and vault maps discovered:
D:1:      dpeg_arrival_round_b, layout_loops_cross,
          shapermc_ecumenical_altar_mp_urbaneastern
D:2:      layout_loops_corners, minmay_pentomino_t2, uniq_natasha,
          uniq_crazy_yiuf_cottage
D:3:      layout_loops_corners, marbit_many_paths, uniq_jessica, uniq_grinder
D:4:      layout_basic, beargit_hepliaklqana_dungeon_heroes,
          grunt_qazlal_clouds, minmay_temple_entry_glass, minmay_starry_boxes
D:5:      layout_gridville
D:6:      layout_loops_ring, chequers_arboretum, minmay_manual_moon, uniq_pikel
D:7:      layout_basic, enter_bailey_8
D:8:      layout_loops_cross, nicolae_overflow_hidden_temple, slow_altar_2,
          gammafunk_ghost_nasty_kobolds, uniq_joseph

Skill      XL: |  1  2  3  4  5  6  7  8  9 |
---------------+----------------------------+-----
Fighting       | 4 5 6 |  6.9
Stealth        | 2 3 4 |  4.6
Dodging        | 3 4 |  4.8
Axes           | 5 |  5.0
Armour         | 1 2 3 4 |  4.7
Maces & Flails | 1 2 3 4 |  4.4
Invocations    | 6 8 |  8.1
Long Blades    | 6 |  6.0

Action                   |  1- 3 |  4- 6 |  7- 9 || total
-------------------------+-------+-------+-------++-------
Melee: Hand axe          |    92 |       |       ||    92
       Punch             |     1 |     3 |     4 ||     8
       Whip              |    12 |   138 |   279 ||   429
       Falchion          |       |       |    61 ||    61
Throw: Boomerang         |       |       |     4 ||     4
       Dart              |       |       |     1 ||     1
Invok: Convert to Beogh  |       |       |     1 ||     1
  Use: Scroll            |       |     6 |     8 ||    14
       Potion            |       |       |     8 ||     8
 Stab: Sleeping          |     4 |     6 |     9 ||    19
Armor: Robe              |    17 |    19 |    24 ||    60
       Leather armour    |       |       |    62 ||    62
Dodge: Dodged            |    64 |    89 |   217 ||   370
